 Dungeon Crawl Stone Soup version 0.27-a0-1319-geec4fb4e21 (webtiles) character file.

Game seed: 8346856874762819588

704 lessens the Conjurer (level 7, 0/76 HPs)
             Began as a Gnoll Conjurer on June 21, 2021.
             Slain by a howler monkey (3 damage)
             ... on level 6 of the Dungeon.
             The game lasted 00:08:26 (6642 turns).

lessens the Conjurer (Gnoll Conjurer)               Turns: 6642, Time: 00:08:26

Health: 0/76       AC:  5    Str:  8    XL:     7   Next: 66%
Magic:  15/15      EV: 13    Int: 18    God:
Gold:   195        SH:  0    Dex: 10    Spells: 10/17 levels left

rFire    . . .     SeeInvis .   t - +4 hand axe (elec)
rCold    . . .     Faith    .   (no shield)
rNeg     . . .     Spirit   .   a - +0 robe
rPois    .         Reflect  .   (no helmet)
rElec    .         Harm     .   (no cloak)
rCorr    .         Rampage  .   e - +1 pair of gloves
Will     .....                  f - +0 pair of boots
Stlth    ..........             (no amulet)
HPRegen  0.22/turn              (no ring)
MPRegen  0.14/turn              (no ring)

@: berserking (expiring), flying, very quick
A: fangs 1, strong nose, distributed training
a: no special abilities


You were on level 6 of the Dungeon.
You visited 1 branch of the dungeon, and saw 6 of its levels.

You collected 195 gold pieces.

Inventory:

Hand Weapons
 d - a +0 hand axe
 i - a +1 hunting sling
 k - a +0 flail
 l - a +0 war axe
 t - a +4 hand axe of electrocution (weapon)
Missiles
 g - 206 stones
 v - 10 sling bullets
Armour
 a - a +0 robe (worn)
 e - a +1 pair of gloves (worn)
 f - a +0 pair of boots (worn)
Jewellery
 r - a ring of fire
 u - a ring of resist corrosion
 w - a ring of protection from cold
Scrolls
 h - 2 scrolls of teleportation {unknown}
 m - a scroll of magic mapping {unknown}
 n - a scroll of identify {unknown}
 o - a scroll of holy word {unknown}
 p - a scroll of silence {unknown}
 s - 2 scrolls of enchant armour
Potions
 b - 3 potions of curing
 j - a potion of experience {unknown}


   Skills:
 + Level 2.6 Fighting
 + Level 2.6 Short Blades
 + Level 2.6 Long Blades
 + Level 2.6 Axes
 + Level 2.6 Maces & Flails
 + Level 2.6 Polearms
 + Level 2.6 Staves
 + Level 2.6 Slings
 + Level 2.6 Bows
 + Level 2.6 Crossbows
 + Level 2.6 Throwing
 + Level 2.6 Armour
 + Level 5.3 Dodging
 + Level 5.0 Stealth
 + Level 2.6 Shields
 + Level 2.6 Unarmed Combat
 + Level 5.7 Spellcasting
 + Level 7.4 Conjurations
 + Level 2.1 Hexes
 + Level 2.1 Summonings
 + Level 2.1 Necromancy
 + Level 2.1 Translocations
 + Level 2.1 Transmutations
 + Level 2.1 Fire Magic
 + Level 2.1 Ice Magic
 + Level 2.1 Air Magic
 + Level 2.1 Earth Magic
 + Level 2.1 Poison Magic
 + Level 2.9 Invocations
 + Level 2.6 Evocations


You had 10 spell levels left.
You knew the following spells:

 Your Spells              Type           Power      Damage    Failure   Level
a - Magic Dart            Conj           100%       1d8       1%          1
b - Searing Ray           Conj           64%        3d5       1%          2
c - Dazzling Flash        Conj/Hex       44%        N/A       4%          3
d - Summon Small Mammal   Summ           48%        N/A       4%          1

Your spell library contained the following spells:

 Spells                   Type           Power      Damage    Failure   Level
 Animate Skeleton         Necr           24%        N/A       4%          1
 Apportation              Tloc           24%        N/A       4%          1
 Corona                   Hex            13%        N/A       4%          1
 Pain                     Necr           48%        1d6       4%          1
 Vampiric Draining        Necr           6%         2d6       16%         3
 Fulminant Prism          Conj/Hex       11%        3d9       17%         4
 Iskenderun's Mystic Bla  Conj/Tloc      22%        2d6       17%         4
 Animate Dead             Necr           6%         N/A       45%         4
 Agony                    Necr           12%        N/A       80%         5


Dungeon Overview and Level Annotations

Branches:
Dungeon (6/15)
 Temple: D:4-7

Altars:
Dithmenos

Shops:
D:4 :

Annotations:
D:3 Terence
D:6 1 runed translucent door, deadmanwalking's ghost, novice SpEn


Innate Abilities, Weirdness & Mutations

You have very sharp teeth.
Your uncanny sense of smell can sniff out nearby items.
Your experience applies equally to all skills.


Message History

You kill the adder!
You hit the howler monkey.
The howler monkey is lightly wounded.
The howler monkey hits you. The howler monkey barely misses you.
You barely miss the howler monkey.
The howler monkey is lightly wounded.
The howler monkey hits you.
The orc priest calls down the wrath of Beogh upon you.
Beogh smites you!
You hit the howler monkey.
The howler monkey is moderately wounded.
The howler monkey hoots and howls with incredible vigour!
The howler monkey hits you.
* * * LOW HITPOINT WARNING * * *
You hear a shout! x3
It was a potion of flight.
You feel very buoyant.
You fly up into the air.
The howler monkey hits you.
* * * LOW HITPOINT WARNING * * *
Things that are here:
a +0 short sword; an orc corpse It was a potion of berserk rage.
A red film seems to cover your vision as you go berserk!
You feel yourself moving faster!
You feel mighty!
The howler monkey hits you but does no damage.
The orc priest mumbles some strange prayers to Beogh against you.
Beogh smites you!
* * * LOW HITPOINT WARNING * * *
The howler monkey closely misses you.
You hit the howler monkey.
The howler monkey is heavily wounded.
The howler monkey hits you but does no damage.
You closely miss the howler monkey.
The howler monkey is heavily wounded.
The howler monkey hits you but does no damage.
You barely miss the orc priest. You barely miss the howler monkey.
You slash the orc priest!
The orc priest is almost dead.
You barely miss the howler monkey. The howler monkey hits you.
You die...

# #.. ###...>
#########
.......######.....P.#
z......#............#
......o).o†.........#
......##ho##.......#
#'#....#@.##[.###..#
#....)...#.......# ∆
#....#...#.......#
#....#..######..## .
#....#####
####..##.... #....
#)........... #.... ∆
#............ #....
+<.........## #.<..
#..........#


You could see a howler monkey, an orc priest and an orc.

Vanquished Creatures
  A hornet zombie (D:5)
  A bullfrog (D:3)
  A scorpion (D:5)
  A water moccasin skeleton (D:4)
  A wight (D:6)
  A howler monkey (D:6)
  A bullfrog zombie (D:6)
  A gnoll shaman (D:3)
  A hound (D:5)
  A centaur skeleton (D:6)
  An iguana (D:5)
  5 adders
  7 gnolls
  3 worms
  A dart slug (D:3)
  14 orcs
  6 endoplasms
  A giant cockroach (D:4)
  4 hobgoblins
  7 jackals
  7 kobolds
  4 quokkas
  6 ball pythons
  9 bats
  3 frilled lizards
  7 goblins
  10 rats
105 creatures vanquished.

Vanquished Creatures (others)
  5 withered plants (D:6)
5 creatures vanquished.

Grand Total: 110 creatures vanquished

Notes
Turn   | Place    | Note
-------+----------+-------------------------------------------
     0 | D:1      | lessens the Gnoll Conjurer began the quest for the Orb.
     0 | D:1      | Reached XP level 1. HP: 13/13 MP: 6/6
   177 | D:1      | Found a faded altar of an unknown god.
   180 | D:1      | Reached XP level 2. HP: 19/19 MP: 4/7
   659 | D:1      | Reached XP level 3. HP: 25/25 MP: 7/9
   745 | D:1      | Reached skill level 5 in Spellcasting
  1229 | D:2      | Reached skill level 1 in Invocations
  1345 | D:2      | Learned a level 2 spell: Searing Ray
  1349 | D:2      | Learned a level 3 spell: Dazzling Flash
  1568 | D:2      | Reached skill level 1 in Fighting
  1568 | D:2      | Reached skill level 1 in Short Blades
  1568 | D:2      | Reached skill level 1 in Long Blades
  1568 | D:2      | Reached skill level 1 in Axes
  1568 | D:2      | Reached skill level 1 in Maces & Flails
  1568 | D:2      | Reached skill level 1 in Polearms
  1568 | D:2      | Reached skill level 1 in Staves
  1568 | D:2      | Reached skill level 1 in Slings
  1568 | D:2      | Reached skill level 1 in Bows
  1568 | D:2      | Reached skill level 1 in Crossbows
  1568 | D:2      | Reached skill level 1 in Throwing
  1568 | D:2      | Reached skill level 1 in Armour
  1568 | D:2      | Reached skill level 1 in Shields
  1568 | D:2      | Reached skill level 1 in Unarmed Combat
  1568 | D:2      | Reached skill level 1 in Evocations
  1906 | D:2      | Reached XP level 4. HP: 32/32 MP: 6/11
  2409 | D:3      | Noticed a bullfrog
  2414 | D:3      | Killed a bullfrog
  2415 | D:3      | Reached skill level 1 in Hexes
  2415 | D:3      | Reached skill level 1 in Summonings
  2415 | D:3      | Reached skill level 1 in Necromancy
  2415 | D:3      | Reached skill level 1 in Translocations
  2415 | D:3      | Reached skill level 1 in Transmutations
  2415 | D:3      | Reached skill level 1 in Fire Magic
  2415 | D:3      | Reached skill level 1 in Ice Magic
  2415 | D:3      | Reached skill level 1 in Air Magic
  2415 | D:3      | Reached skill level 1 in Earth Magic
  2415 | D:3      | Reached skill level 1 in Poison Magic
  2415 | D:3      | Reached XP level 5. HP: 37/37 MP: 1/12
  2635 | D:3      | Noticed Terence
  2869 | D:3      | Learned a level 1 spell: Summon Small Mammal
  3300 | D:4      | Reached XP level 6. HP: 44/44 MP: 6/13
  3761 | D:4      | Found Dorgho's Book Shop.
  3964 | D:5      | Entered Level 5 of the Dungeon
  4055 | D:5      | Reached skill level 5 in Dodging
  5201 | D:3      | Found a shadowy altar of Dithmenos.
  5774 | D:5      | Reached XP level 7. HP: 40/50 MP: 15/15
  6417 | D:6      | Found a runed translucent door.
  6417 | D:6      | Noticed deadmanwalking's ghost (novice SpEn)
  6627 | D:6      | Reached skill level 5 in Stealth
  6638 | D:6      | HP: 2/76 [orc priest/divine providence (13)]
  6642 | D:6      | Slain by a howler monkey

Illustrated notes

Levels and vault maps discovered:
D:1:      matt_arrival_los_fun, layout_basic,
          hellmonk_ecumenical_altar_slurped_away, chequers_jeans,
          serial_park_tiny_1
D:2:      layout_basic, minmay_misc_feat_roman
D:3:      layout_basic, lemuel_doored_altar, dk_noncrumbling_3, uniq_terence
D:4:      layout_cave_pools, serial_shops, shop
D:5:      minmay_goblin_kobold_castle, layout_basic, serial_co_window_serial,
          co_window_paths_a, co_window_paths_a, co_window_corner_a,
          co_window_paths_a, co_window_paths_a, co_window_corner_a,
          co_window_of_opportunity_a, co_window_of_opportunity_c,
          co_window_corner_ca, co_window_unsneaky_path_c, co_window_broadway_a,
          co_window_2corner, co_window_cross_3, glass_columns_b,
          glass_columns_b, glass_columns_a, glass_columns_a, nrook_campfire,
          uniq_pikel
D:6:      minmay_diamond_boxcup, layout_gridville, serial_undead,
          serial_undead_b, serial_undead_b, serial_undead_d, serial_undead_b,
          hellmonk_ghost_happy_afterlife

Skill      XL: |  1  2  3  4  5  6  7 |
---------------+----------------------+-----
Spellcasting   | 5 |  5.7
Invocations    | 1 2 |  2.9
Fighting       | 1 2 |  2.6
Short Blades   | 1 2 |  2.6
Long Blades    | 1 2 |  2.6
Axes           | 1 2 |  2.6
Maces & Flails | 1 2 |  2.6
Polearms       | 1 2 |  2.6
Staves         | 1 2 |  2.6
Slings         | 1 2 |  2.6
Bows           | 1 2 |  2.6
Crossbows      | 1 2 |  2.6
Throwing       | 1 2 |  2.6
Armour         | 1 2 |  2.6
Shields        | 1 2 |  2.6
Unarmed Combat | 1 2 |  2.6
Evocations     | 1 2 |  2.6
Hexes          | 1 2 |  2.1
Summonings     | 1 2 |  2.1
Necromancy     | 1 2 |  2.1
Translocations | 1 2 |  2.1
Transmutations | 1 2 |  2.1
Fire Magic     | 1 2 |  2.1
Ice Magic      | 1 2 |  2.1
Air Magic      | 1 2 |  2.1
Earth Magic    | 1 2 |  2.1
Poison Magic   | 1 2 |  2.1
Dodging        | 5 |  5.3
Stealth        | 5 |  5.0
Conjurations   | |  7.4

Action                   |  1- 3 |  4- 6 |  7- 9 || total
-------------------------+-------+-------+-------++-------
Melee: Hand axe          |     1 |    23 |    55 ||    79
       Bite              |       |       |     5 ||     5
 Cast: Magic Dart        |    75 |   126 |     3 ||   204
       Summon Small Mamm |       |     2 |       ||     2
  Use: Scroll            |       |     2 |       ||     2
       Potion            |       |     1 |     2 ||     3
 Stab: Sleeping          |       |     2 |     1 ||     3
       Distracted        |       |       |     1 ||     1
Armor: Robe              |     3 |    11 |    16 ||    30
Dodge: Dodged            |     9 |    38 |    41 ||    88

Table legend: (Time is in decaauts)
 A = Elapsed time spent in this place.
 B = Non-inter-level travel time spent in this place.
 C = Inter-level travel time spent in this place.
 D = Time resting spent in this place.
 E = Time spent auto-exploring this place.
 F = Levels seen in this place.
 G = Mean time per level.
                   A        B        C        D        E       F      G
               +--------+--------+--------+--------+--------+-----+--------+
         Total |   6661 |   6285 |    376 |    639 |   4769 |   6 | 1110.2 |
       Dungeon |   6661 |   6285 |    376 |    639 |   4769 |   6 | 1110.2 |
               +--------+--------+--------+--------+--------+-----+--------+

Top non-repeatable levels by time:
     D:2: 1672 daAuts
     D:5: 1457 daAuts
     D:3: 1342 daAuts
     D:1: 1175 daAuts
     D:4: 836 daAuts
     D:6: 178 daAuts
